Map: [ESL] Ancient Cistern

Players

Elazer - Winner!

  • Race: Zerg Zerg
  • Spawn Location: 7:00

Creator

  • Race: Protoss Protoss
  • Spawn Location: 1:00

Event: ESL SC2 Masters 2023 Summer (Finals)

VOD

Have the link to the VOD?

Description

Time

  • Played on: June 16, 2023, 11:03 a.m.
  • Length: 12:26

All games in this series

Show
View Real Time Build Order
Export as new Build Order

Elazer Zerg - Winner!

Build Orders: Hatch First 

Get SALT Encoding   

  12  0:00  Drone  
  13  0:07  Drone  
  14  0:14  Drone, Extractor  
  15  0:35  Hatchery  
  14  0:41  Extractor  
  14  0:42  Drone  
  14  0:47  Overlord  
  15  1:02  Spawning Pool  
  14  1:07  Drone  
  15  1:12  Drone  
  15  1:14  Drone  
  17  1:20  Drone  
  18  1:32  Drone  
  19  1:41  Drone  
  20  1:49  Queen x2  
  20  1:50  Zergling x2  
  25  1:54  Overlord  
  25  2:03  Drone x2  
  27  2:11  Drone  
  27  2:15  Drone  
  29  2:17  Extractor  
  29  2:20  Drone  
  29  2:22  Drone  
  30  2:25  Queen  
  32  2:31  Drone  
  33  2:39  Hatchery  
  33  2:40  Zergling x2  
  33  2:47  Overlord  
  33  2:49  Drone  
  33  2:52  Drone  
  34  3:00  Drone  
  34  3:02  Drone  
  36  3:06  Drone x3  
  36  3:08  Queen  
  41  3:14  Zergling x2  
  41  3:18  Zergling x2  
  43  3:20  Overlord  
  43  3:31  Drone  
  43  3:32  Metabolic Boost  
  44  3:36  Overlord  
  44  3:38  Queen  
  44  3:40  Drone x5  
  50  3:51  Drone x3  
  50  3:54  Drone x2  
  46  4:07  Drone x5  
  48  4:13  Drone x3  
  51  4:20  Drone x3  
  54  4:25  Drone, Overlord  
  54  4:30  Drone  
  56  4:33  Drone  
  56  4:36  Drone  
  58  4:43  Overlord  
  58  4:44  Drone x4  
  62  4:48  Drone  
  62  4:49  Drone x3  
  66  4:54  Overlord  
  66  4:55  Lair  
  66  5:04  Drone x5  
  64  5:08  Drone  
  64  5:09  Drone  
  64  5:14  Extractor  
  64  5:15  Roach Warren, Drone  
  64  5:16  Drone  
  64  5:17  Extractor  
  64  5:19  Drone x5  
  69  5:21  Drone x3  
  69  5:26  Drone x2  
  74  5:31  Overlord  
  74  5:34  Extractor x2  
  72  5:38  Drone x3, Evolution Chamber  
  72  5:41  Overlord  
  74  5:44  Drone x2  
  74  5:46  Drone x3  
  78  5:53  Overlord  
  78  5:55  Glial Reconstitution  
  78  5:59  Extractor  
  78  6:00  Drone x3  
  78  6:01  Roach x5  
  90  6:06  Overlord  
  90  6:08  Zerg Missile Weapons Level 1  
  90  6:11  Roach  
  90  6:14  Hatchery  
  90  6:18  Roach x4  
  99  6:22  Overlord  
  99  6:23  Overlord x2  
  99  6:24  Overlord  
  99  6:29  Roach  
  99  6:30  Roach x2  
  105  6:35  Overlord  
  105  6:36  Overlord  
  105  6:38  Roach x2  
  109  6:44  Ravager  
  110  6:48  Roach x5  
  120  6:59  Roach x5  
  124  7:01  Roach x2  
  124  7:03  Ravager  
  124  7:04  Ravager x2  
  123  7:09  Roach x3  
  123  7:15  Roach x4  
  135  7:20  Queen x2  
  135  7:21  Roach x2  
  121  7:31  Roach x6  
  121  7:33  Queen  
  127  7:37  Roach x2  
  127  7:42  Roach x3  
  120  7:47  Roach x3  
  112  7:56  Roach x4  
  107  8:03  Roach x2  
  105  8:11  Roach x4  
  108  8:18  Ravager  
  108  8:19  Ravager  
  103  8:21  Ravager  
  103  8:22  Roach  
  103  8:24  Zergling x12  
  112  8:29  Zergling x6  
  112  8:31  Ravager  
  112  8:33  Zergling x2  
  117  8:34  Zergling x2  
  117  8:40  Zergling x6  
  121  8:42  Ravager x2  
  121  8:46  Zergling x6  
  126  8:49  Zergling x2  
  122  8:55  Zergling x10  
  119  9:03  Zergling x10  
  107  9:14  Zergling x14  
  108  9:21  Zergling x2  
  108  9:22  Zergling x8  
  110  9:28  Ravager  
  110  9:29  Ravager  
  110  9:30  Drone x5  
  117  9:36  Drone x4  
  115  9:39  Drone x2  
  115  9:44  Drone x2  
  118  9:50  Drone x2  
  120  9:54  Zerg Melee Weapons Level 1  
  120  9:58  Queen  
  120  9:59  Roach x3  
  128  10:05  Roach x3  
  134  10:09  Ravager  
  134  10:12  Overlord  
  130  10:22  Zergling x12  
  130  10:27  Baneling Nest  
  135  10:29  Queen  
  135  10:32  Zergling x6  
  135  10:35  Hatchery  
  139  10:42  Zergling x16  
  147  10:48  Drone x2  
  149  10:52  Overseer  
  149  10:55  Zergling x10  
  154  11:03  Zergling x8  
  158  11:08  Roach x5  
  167  11:11  Overlord  
  167  11:12  Overlord  
  166  11:34  Roach x2  
  166  11:35  Roach x8  
  166  11:39  Zergling x2  
  184  11:41  Overlord x2  
  184  11:47  Baneling x22  
  184  11:51  Zergling x8  
  184  11:53  Zergling x4  
  182  12:01  Zergling x2  
  182  12:02  Zergling x14  
Show
View Real Time Build Order
Export as new Build Order

Creator Protoss 

Build Orders: 1 Gate Expand, Oracle Opening, Phoenix Opening 

Get SALT Encoding   

  12  0:00  Probe  
  13  0:13  Pylon  
  13  0:17  Probe (Chrono Boost)  
  14  0:26  Probe (Chrono Boost)  
  15  0:31  Probe (Chrono Boost)  
  16  0:38  Gateway  
  16  0:43  Probe  
  16  0:47  Assimilator  
  17  0:55  Probe  
  18  1:08  Probe  
  19  1:20  Probe  
  20  1:26  Nexus  
  20  1:35  Cybernetics Core  
  20  1:38  Probe  
  21  1:43  Assimilator  
  21  1:50  Probe  
  21  1:53  Pylon  
  22  2:02  Probe  
  23  2:09  Adept (Chrono Boost)  
  23  2:15  Probe  
  26  2:18  Stargate  
  26  2:26  Warp Gate  
  26  2:27  Probe  
  26  2:29  Adept (Chrono Boost)  
  29  2:38  Probe (Chrono Boost)  
  29  2:41  Probe (Chrono Boost)  
  31  2:50  Probe (Chrono Boost)  
  33  2:51  Adept  
  33  2:56  Probe (Chrono Boost)  
  33  2:57  Probe (Chrono Boost)  
  36  3:01  Oracle (Chrono Boost)  
  36  3:03  Probe  
  40  3:07  Probe  
  41  3:13  Pylon  
  41  3:15  Probe  
  41  3:19  Probe  
  43  3:28  Gateway, Probe  
  43  3:31  Probe  
  43  3:32  Phoenix  
  47  3:40  Probe  
  48  3:43  Probe  
  49  3:52  Probe  
  49  3:55  Probe  
  51  4:01  Oracle (Chrono Boost)  
  54  4:06  Probe  
  54  4:07  Probe  
  54  4:09  Assimilator  
  54  4:11  Pylon, Assimilator  
  54  4:12  Pylon  
  54  4:16  Gateway  
  54  4:17  Pylon  
  54  4:29  Probe x2  
  54  4:30  Adept x2  
  54  4:31  Oracle (Chrono Boost)  
  63  4:41  Nexus  
  63  4:42  Pylon  
  63  4:45  Robotics Facility  
  63  4:47  Probe  
  63  4:48  Probe  
  65  4:59  Probe  
  66  5:00  Probe  
  64  5:11  Gateway  
  64  5:12  Sentry x2  
  64  5:13  Probe x2  
  70  5:25  Shield Battery, Probe x2  
  72  5:29  Immortal (Chrono Boost)  
  72  5:34  Shield Battery  
  76  5:37  Probe x2  
  78  5:42  Gateway  
  78  5:43  Gateway  
  78  5:45  Gateway  
  78  5:47  Sentry x2  
  82  5:51  Pylon  
  83  5:57  Probe x3  
  83  5:58  Warp Prism (Chrono Boost)  
  83  6:02  Gateway  
  87  6:09  Sentry, Stalker  
  91  6:16  Stalker x2  
  95  6:22  Pylon  
  95  6:24  Pylon  
  95  6:26  Observer (Chrono Boost)  
  96  6:34  Stalker  
  96  6:35  Stalker  
  96  6:37  Pylon  
  96  6:38  Robotics Bay  
  100  6:48  Stalker x4  
  100  6:49  Stalker  
  110  6:58  Stalker  
  108  7:02  Stalker x2  
  112  7:13  Adept, Stalker  
  112  7:14  Zealot x3  
  108  7:24  Probe  
  108  7:25  Probe x2, Stalker x3  
  99  7:37  Disruptor  
  99  7:41  Zealot x5  
  102  7:51  Zealot x2  
  102  7:52  Probe, Zealot  
  102  7:53  Probe x2  
  89  8:06  Zealot x2, Stalker x2  
  89  8:07  Zealot  
  87  8:13  Disruptor (Chrono Boost), Probe x3  
  87  8:20  Assimilator x2  
  87  8:23  Stalker x3  
  93  8:27  Forge  
  93  8:30  Shield Battery  
  93  8:32  Twilight Council  
  93  8:34  Stalker, Zealot  
  97  8:43  Disruptor (Chrono Boost)  
  100  8:55  Stalker  
  102  8:56  Zealot x3  
  102  8:57  Zealot x2  
  102  9:01  Zealot x2  
  112  9:08  Immortal  
  83  9:22  Stalker x5  
  78  9:25  Stalker  
  78  9:28  Stalker  
  71  9:41  Stalker  
  73  9:51  Stalker x2  
  77  9:57  Stalker  
  79  10:03  Stalker  
  81  10:08  Stalker  
  81  10:12  Sentry, Zealot  
  87  10:23  Zealot x3  
  93  10:28  Sentry  
  93  10:34  Templar Archives  
  95  10:41  Pylon  
  95  10:43  Pylon  
  93  11:04  Zealot  
  93  11:11  High Templar x2, Zealot x3  
  95  11:12  High Templar  
  95  11:13  High Templar  
  95  11:16  Archon  
  95  11:17  Archon  
  105  11:23  Pylon  
  105  11:24  Pylon  
  105  11:25  Zealot  
  105  11:27  Zealot x2  
  111  11:45  High Templar x2, Stalker  
  111  11:46  Zealot x3  
  123  11:49  Archon, Stalker  
  116  12:07  Zealot x3  
  122  12:13  High Templar x2  
  126  12:17  Archon, Zealot  
Tags
 
Add a new tag
Caveats
  • Supply blocks, unpowered buildings, or Contaminate may cause inaccurate times.
  • Supply counts are checked every 10 seconds.